 Dungeon Crawl Stone Soup version 0.22-a0-379-ga9d99d6 (webtiles) character file.

69 JeffiDaFish the Grave Robber (level 4, -3/33 HPs)
             Began as a Draconian Necromancer on Apr 28, 2018.
             Was an Initiate of Sif Muna.
             Slain by Sigmund
             ... wielding a +0 scythe
              (8 damage)
             ... on level 3 of the Dungeon.
             The game lasted 00:04:20 (2554 turns).

JeffiDaFish the Grave Robber (DrNe)                 Turns: 2554, Time: 00:04:21

Health: -3/33      AC:  8    Str: 11    XL:     4   Next: 2%
Magic:  4/8        EV: 12    Int: 16    God:    Sif Muna [......]
Gold:   158        SH:  0    Dex: 11    Spells: 7/8 levels left

rFire    . . .     SeeInvis .   d - +2 dagger (drain)
rCold    . . .     Gourm    .   (no shield)
rNeg     . . .     Faith    .   (armour unavailable)
rPois    .         Spirit   .   (helmet restricted)
rElec    .         Reflect  .   (no cloak)
rCorr    .         Harm     .   (no gloves)
MR       .....                  f - +2 pair of boots
Stlth    ++........             (no amulet)
HPRegen  0.11/turn              (no ring)
MPRegen  0.11/turn              (no ring)

@: no status effects
A: unfitting armour, cold-blooded, AC +5
a: Renounce Religion


You were on level 3 of the Dungeon.
You worshipped Sif Muna.
Sif Muna was noncommittal.
You were hungry.

You visited 1 branch of the dungeon, and saw 3 of its levels.

You collected 158 gold pieces.

Inventory:

Hand Weapons
 a - a +0 hand axe
 d - a +2 dagger of draining (weapon)
Armour
 f - a +2 pair of boots (worn)
Jewellery
 e - a cursed -3 ring of intelligence {unknown}
Scrolls
 c - 2 scrolls of identify
 h - a scroll of remove curse
Comestibles
 b - 3 rations
 g - 4 chunks of flesh


   Skills:
 + Level 2.6 Dodging
 - Level 1.7 Stealth
 + Level 2.8 Spellcasting
 + Level 4.5 Necromancy


You had 7 spell levels left.
You knew the following spells:

 Your Spells              Type           Power        Failure   Level  Hunger
a - Pain                  Necr           ###.         3%          1    #......


Dungeon Overview and Level Annotations

Branches:
Dungeon (3/15)

Altars:
Ashenzari
Cheibriados
Dithmenos
Gozag
Hepliaklqana
Nemelex Xobeh
Qazlal
Sif Muna
Yredelemnul

Annotations:
D:3 Sigmund


Innate Abilities, Weirdness & Mutations

Your plain brown scales are hard. (AC +5)
You cannot fit into any form of body armour.
You are cold-blooded and may be slowed by cold attacks.


Message History

Confirm with . or Enter, or press ? or * to list all spells.
You don't know that spell.
You hear some strange, mumbled words.
A magic dart appears from out of thin air!
The magic dart hits you!
You hit something. Something barely misses you.
You miss something. You tail-slap something. Something hits you!
* * * LOW HITPOINT WARNING * * *
You hit something.
You aren't carrying any potions.
You miss something. Something hits you but does no damage.
Casting: Pain (safe; 3% risk of failure)
Confirm with . or Enter, or press ? or * to list all spells.
You can't see any susceptible monsters within range! (Use Z to cast anyway.)
Casting: Pain (safe; 3% risk of failure)
Confirm with . or Enter, or press ? or * to list all spells.
Aiming: Pain (safe; 3% risk of failure)
Press: ? - help, Shift-Dir - straight line Nothing appears to happen.
Something hits you!
You die...

#.........# #.
####._..._..#
#.###......_....#
#.....###....##.#
###.....##.##..# .#
#......%##.###....#
####
#.......##.###.##..
....
........###...## #
####
#....){@<.....#
........#######
#####.... #..###
#.. #.. #.. #.. #.


There were no monsters in sight!

Vanquished Creatures
  Robin (D:2)
  2 worms (D:2)
  3 dart slugs
  A leopard gecko (D:2)
  2 ball pythons (D:2)
  A giant cockroach (D:2)
  9 goblins
  8 hobgoblins
  2 quokkas (D:2)
  3 bats
  A frilled lizard (D:1)
  5 kobolds
  2 rats
40 creatures vanquished.

Notes
Turn   | Place    | Note
-------+----------+-------------------------------------------
     0 | D:1      | JeffiDaFish the Draconian Necromancer began the quest for the Orb.
     0 | D:1      | Reached XP level 1. HP: 14/14 MP: 3/3
   468 | D:1      | Reached XP level 2. HP: 18/20 MP: 1/5
   972 | D:2      | Noticed Robin
  1615 | D:2      | Reached XP level 3. HP: 22/26 MP: 4/6
  1691 | D:2      | Killed Robin
  1962 | D:2      | Found a sparkling altar of Nemelex Xobeh.
  2468 | D:3      | Reached XP level 4. HP: 27/33 MP: 4/8
  2487 | D:3      | Found a snail-covered altar of Cheibriados.
  2489 | D:3      | Found a shadowy altar of Dithmenos.
  2492 | D:3      | Found an opulent altar of Gozag.
  2492 | D:3      | Found a deep blue altar of Sif Muna.
  2493 | D:3      | Found a hazy altar of Hepliaklqana.
  2493 | D:3      | Found a shattered altar of Ashenzari.
  2493 | D:3      | Found a stormy altar of Qazlal.
  2493 | D:3      | Found a basalt altar of Yredelemnul.
  2505 | D:3      | Became a worshipper of Sif Muna the Loreminder
  2515 | D:3      | Noticed Sigmund
  2554 | D:3      | Slain by Sigmund

Vault maps used:
D:1:      lemuel_arrival_rhombus
D:2:      lemuel_coloured_pillars_altar, uniq_robin
D:3:      corexii_shack_village, grunt_temple_overflow_open, uniq_sigmund

Skill      XL: |  1 |
---------------+----+-----
Dodging        | 2 |  2.6
Stealth        | |  1.7
Spellcasting   | |  2.8
Necromancy     | |  4.5

Action                   |  1- 3 |  4- 6 || total
-------------------------+-------+-------++-------
Melee: Hand axe          |     3 |       ||     3
       Tailslap          |     7 |     1 ||     8
       Dagger            |    61 |     4 ||    65
 Cast: Pain              |    42 |     7 ||    49
  Use: Scroll            |     7 |       ||     7
       Potion            |     4 |       ||     4
 Stab: Sleeping          |     5 |       ||     5
  Eat: Chunk             |     5 |       ||     5
Armor: Skin              |    22 |     1 ||    23
Dodge: Dodged            |    49 |     1 ||    50

Table legend:
 A = Spawn XP
 B = Non-spawn XP
 C = Spawn XP percentage of total XP
 D = Spawn monster count
 E = Non-spawn monster count
 F = Spawn count percentage of total count
 G = Total turns spent on level
                    A         B        C        D         E        F      G
               +---------+---------+-------+---------+---------+-------+---------
         Total |       0 |      99 |   0.0 |       0 |      40 |   0.0 |  2554
               +---------+---------+-------+---------+---------+-------+---------
           D:1 |       0 |      23 |   0.0 |       0 |      12 |   0.0 |  1171
           D:2 |       0 |      59 |   0.0 |       0 |      21 |   0.0 |  1133
           D:3 |       0 |      17 |   0.0 |       0 |       7 |   0.0 |   250
               +---------+---------+-------+---------+---------+-------+---------
